 Dungeon Crawl Stone Soup version 0.31-a0-180-g519b7de00c (webtiles) character file.

Game seed: 7236773667228433220

8493 qw the Skirmisher (level 11, -7/104 HPs)
             Began as a Naga Hunter on June 20, 2023.
             Was a Priest of Okawaru.
             Mangled by a komodo dragon (13 damage)
             ... on level 1 of the Lair of Beasts.
             The game lasted 00:04:25 (7355 turns).

qw the Skirmisher (Naga Hunter)                     Turns: 7355, Time: 00:04:25

Health: -7/104     AC: 14    Str: 17    XL:     11   Next: 31%
Magic:  14/14      EV: 20    Int: 15    God:    Okawaru [***...]
Gold:   476        SH:  0    Dex: 22    Spells: 10/10 levels left

rFire   . . .        Y - +0 orcbow
rCold   . . .        (shield currently unavailable)
rNeg    . . .        i - +1 robe of the Sun {Rampage Str+3 Dex+3}
rPois   +            (no helmet)
rElec   .            d - +0 cloak
rCorr   .            (no gloves)
SInv    +            n - +1 barding
Will    +....        g - amulet of regeneration
Stlth   +++++        f - ring "Uxkocs" {Fly EV+5 Int+6 Stlth+}
HPRegen 1.17/turn    (no ring)
MPRegen 0.14/turn

%: rampage
@: about to teleport, short of breath, heroic, flying, very slow
A: AC +3, large, see invisible, deformed body, poison resistance, slowness 2,
spit poison 1, naga tail 1
a: Spit Poison, Renounce Religion, Heroism


You were on level 1 of the Lair of Beasts.
You worshipped Okawaru.
Okawaru was most pleased with you.
You visited 2 branches of the dungeon, and saw 9 of its levels.

You collected 476 gold pieces.


Innate Abilities, Weirdness & Mutations

Your serpentine skin is tough. (AC +3)
You have supernaturally acute eyesight. (SInv)
Armour fits poorly on your strangely shaped body.
Your system is resistant to poisons. (rPois)
You cover ground very slowly.
You can spit poison.
You have a snake-like lower body.


   Skills:
 - Level 8.4(13.4) Fighting
 + Level 12.4(17.4) Ranged Weapons
 - Level 3.0(8.0) Armour
 - Level 5.0(10.0) Dodging
 - Level 1.5(6.5) Stealth
 - Level 4.2 Invocations


You had 10 spell levels left.
You didn't know any spells.
Your spell library was empty.

Inventory:

Hand Weapons
 Y - a +0 orcbow (weapon)
Armour
 d - a +0 cloak (worn)
 i - the +1 robe of the Sun (worn) {Rampage Str+3 Dex+3}
   (You took it off an orc on level 8 of the Dungeon)

   Str:       It affects your strength (+3).
   Dex:       It affects your dexterity (+3).
   Rampage:   It bestows one free step when moving towards enemies.
 n - a +1 barding (worn)
Jewellery
 f - the ring "Uxkocs" (left hand) {Fly EV+5 Int+6 Stlth+}
   (You found it on level 2 of the Dungeon)

   [ring of evasion]

   EV:        It affects your evasion (+5).
   Int:       It affects your intelligence (+6).
   Fly:       It grants you flight.
   Stlth:     It makes you more stealthy.
 g - an amulet of regeneration (around neck)
Scrolls
 j - 3 scrolls of identify
Potions
 a - a potion of mutation
 b - 2 potions of might
 e - a potion of haste
 k - a potion of curing
 l - 2 potions of heal wounds
 m - a potion of enlightenment

Dungeon Overview and Level Annotations

Branches:
Dungeon (8/15)             Temple (0/1) D:6            Lair (1/5) D:8

Altars:
Ashenzari
Cheibriados
Hepliaklqana
Okawaru
Qazlal
Sif Muna
Trog
Yredelemnul
The Shining One

Annotations:
D:3 1 runed translucent door, qw's ghost, amateur NaHu


Message History

The komodo dragon closely misses you.
You shoot an arrow.
The arrow closely misses the komodo dragon.
The bullfrog completely misses you.
You shoot an arrow.
The arrow barely misses the komodo dragon.
The basilisk misses you. The komodo dragon misses you.
The polar bear closely misses you.
The polar bear claws you but does no damage.
The polar bear barely misses you. The bullfrog completely misses you.
You shoot an arrow.
The arrow hits the komodo dragon but does no damage.
The komodo dragon is moderately wounded.
The bullfrog misses you. The basilisk completely misses you.
The polar bear misses you.
The polar bear claws you but does no damage.
The polar bear claws you.
The komodo dragon completely misses you.
You shoot an arrow.
The arrow hits the komodo dragon but does no damage.
The komodo dragon is heavily wounded.
You have got your breath back.
The bullfrog misses you.
7354 ||| INVOKING Spit Poison.
Aiming: Spit Poison (1% risk of failure)
Press: ? - help, Shift-Dir - straight line, f/p - komodo dragon The splash of poison hits the komodo dragon but does no damage.
The komodo dragon looks even sicker.
The komodo dragon is heavily wounded.
The bullfrog misses you. The basilisk bites you. The polar bear bites you!
The polar bear closely misses you. The polar bear claws you.
The komodo dragon bites you!
The bullfrog hits you but does no damage.
7355 ||| READING scroll of teleportation.
As you read the scroll of teleportation, it crumbles to dust.
You feel strangely unstable. The basilisk gazes at you.
You resist with almost no effort. The polar bear misses you. x3
The komodo dragon bites you!
You die...

# ### ### #
######.#######P#####.#
...................... .
#.##.##.#..............
#........#...#..P###.#
#........#...#...h...#..
.............#..@F$.....
#........#...#..ll...#..
#........#...#.....%....
.............#.......#..
###.#.##P....#......(...
....... .............#..
... .#........ . ...
..##...#.##. ...


You could see a polar bear, a komodo dragon (very poisoned), a basilisk and a
bullfrog.

Vanquished Creatures
  A centaur warrior (D:8)
  Pikel (D:5)
  A cyclops (D:8)
  An ugly thing (D:8)
  A black mamba (Lair:1)
  A cane toad (Lair:1)
  A gargoyle (D:8)
  An unseen horror zombie (D:7)
  A hornet (D:8)
  A wraith (D:7)
  4 yaks (D:8)
  Eustachio (D:5)
  Menkaure (D:4)
  An acid dragon (D:8)
  4 water moccasins
  Duvessa (D:5)
  2 orc warriors
  An ogre (D:7)
  3 black bears
  2 centaurs
  6 wolves (Lair:1)
  A lemure (D:5)
  A kobold brigand (D:6)
  5 bullfrogs
  Blork the orc (D:5)
  A wyvern zombie (D:7)
  4 scorpions (D:5)
  11 wights
  Dowan (D:5)
  An electric eel (D:7)
  4 centaur zombies (D:7)
  A bullfrog zombie (D:7)
  4 hounds
  7 orc priests
  A gnoll bouda (D:8)
  2 sleepcaps
  9 orc wizards
  2 howler monkey zombies (D:7)
  7 gnolls
  13 adders
  A worm (D:4)
  2 dart slugs
  36 orcs
  9 ball pythons
  5 endoplasms
  4 giant cockroaches
  7 goblins
  5 hobgoblins
  4 jackals (D:3)
  12 kobolds
  2 quokkas
  3 bats
  6 frilled lizards
  6 rats
  A spectral orc (D:7)
215 creatures vanquished.

Notes
Turn   | Place    | Note
-------+----------+-------------------------------------------
     0 | D:1      | qw the Naga Hunter began the quest for the Orb.
     0 | D:1      | Reached XP level 1. HP: 19/19 MP: 1/1
     0 | D:1      | 0 ||| qw: Version: 0.3-a-9-g12657ce
     0 | D:1      | 0 ||| qw: Game counter: 1178
     0 | D:1      | 0 ||| qw: Always use a shield: true
     0 | D:1      | 0 ||| qw: God list: Okawaru
     0 | D:1      | 0 ||| qw: Allow faded altars: false
     0 | D:1      | 0 ||| qw: Do Orc after D:15 true
     0 | D:1      | 0 ||| qw: Do second Lair branch before Depths: true
     0 | D:1      | 0 ||| qw: Lair rune preference: random
     0 | D:1      | 0 ||| qw: Plans: Normal
     0 | D:1      | 0 ||| PLANNING D:1-11
    37 | D:1      | 37 ||| INVOKING Spit Poison.
    41 | D:1      | 41 ||| INVOKING Spit Poison.
    53 | D:1      | 53 ||| INVOKING Spit Poison.
    91 | D:1      | 91 ||| INVOKING Spit Poison.
    92 | D:1      | Reached skill level 4 in Ranged Weapons
    92 | D:1      | Reached XP level 2. HP: 26/26 MP: 2/2
   107 | D:1      | 107 ||| INVOKING Spit Poison.
   128 | D:1      | 128 ||| INVOKING Spit Poison.
   148 | D:1      | 148 ||| INVOKING Spit Poison.
   264 | D:1      | 264 ||| INVOKING Spit Poison.
   282 | D:1      | 282 ||| INVOKING Spit Poison.
   288 | D:1      | 288 ||| INVOKING Spit Poison.
   322 | D:1      | 322 ||| INVOKING Spit Poison.
   326 | D:1      | 326 ||| FLEEEEING.
   334 | D:1      | 334 ||| INVOKING Spit Poison.
   335 | D:1      | Reached XP level 3. HP: 30/32 MP: 3/3
   409 | D:1      | 409 ||| UPGRADING to +0 cloak.
   414 | D:1      | 414 ||| READING scroll labelled OHUBOI TIBRAO.
   415 | D:1      | 415 ||| READING scroll labelled ROMEFA FEGED.
   416 | D:1      | 416 ||| DROPPING scroll of butterflies.
   467 | D:2      | 467 ||| INVOKING Spit Poison.
   499 | D:2      | 499 ||| INVOKING Spit Poison.
   570 | D:2      | 570 ||| INVOKING Spit Poison.
   581 | D:2      | 581 ||| INVOKING Spit Poison.
   607 | D:2      | 607 ||| INVOKING Spit Poison.
   610 | D:2      | 610 ||| INVOKING Spit Poison.
   613 | D:2      | 613 ||| INVOKING Spit Poison.
   614 | D:2      | 614 ||| READING scroll labelled ZOFAYLU RACU.
   620 | D:2      | 620 ||| INVOKING Spit Poison.
   627 | D:2      | 627 ||| INVOKING Spit Poison.
   695 | D:2      | 695 ||| INVOKING Spit Poison.
   702 | D:2      | Reached skill level 5 in Ranged Weapons
   702 | D:2      | Reached XP level 4. HP: 36/39 MP: 4/4
   782 | D:2      | 782 ||| INVOKING Spit Poison.
   815 | D:2      | 815 ||| INVOKING Spit Poison.
   821 | D:2      | 821 ||| INVOKING Spit Poison.
   968 | D:2      | Identified the ring "Uxkocs" {Fly EV+5 Int+6 Stlth+}
  1007 | D:2      | 1007 ||| UPGRADING to ring "Uxkocs" {Fly EV+5 Int+6
                  | Stlth+}.
  1008 | D:2      | 1008 ||| READING scroll labelled WAGOTSUEFU.
  1009 | D:2      | 1009 ||| READING scroll labelled RODAHI NEID.
  1021 | D:3      | 1021 ||| INVOKING Spit Poison.
  1032 | D:3      | Found a bloodstained altar of Trog.
  1051 | D:3      | Found a glowing golden altar of the Shining One.
  1055 | D:3      | 1055 ||| INVOKING Spit Poison.
  1074 | D:3      | 1074 ||| INVOKING Spit Poison.
  1078 | D:3      | Reached skill level 3 in Fighting
  1142 | D:3      | Found a stormy altar of Qazlal.
  1187 | D:3      | Noticed qw's ghost (amateur NaHu)
  1196 | D:3      | Found a runed translucent door.
  1283 | D:3      | 1283 ||| INVOKING Spit Poison.
  1286 | D:3      | 1286 ||| INVOKING Spit Poison.
  1291 | D:3      | 1291 ||| INVOKING Spit Poison.
  1403 | D:3      | 1403 ||| INVOKING Spit Poison.
  1561 | D:3      | 1561 ||| INVOKING Spit Poison.
  1650 | D:3      | Identified the +4 chain mail of Discretion {Rampage Dex-2
                  | SInv Stlth+}
  1700 | D:3      | 1700 ||| INVOKING Spit Poison.
  1704 | D:3      | Reached XP level 5. HP: 49/49 MP: 5/5
  1743 | D:3      | 1743 ||| INVOKING Spit Poison.
  1826 | D:3      | 1826 ||| INVOKING Spit Poison.
  1870 | D:3      | 1870 ||| INVOKING Spit Poison.
  1916 | D:3      | 1916 ||| UPGRADING to +0 barding.
  1921 | D:3      | 1921 ||| UPGRADING to amulet of regeneration.
  1926 | D:3      | 1926 ||| DROPPING ring of magical power.
  1927 | D:3      | 1927 ||| READING 2 scrolls labelled EHU FIFITRUOD.
  1928 | D:3      | 1928 ||| READING scroll labelled HAVEEM HUYKH.
  1929 | D:3      | 1929 ||| READING scroll labelled IDYOSMEAJO.
  1930 | D:3      | 1930 ||| DRINKING 3 coppery potions.
  1931 | D:3      | 1931 ||| DROPPING scroll of immolation.
  2011 | D:4      | 2011 ||| INVOKING Spit Poison.
  2015 | D:4      | 2015 ||| INVOKING Spit Poison.
  2018 | D:4      | 2018 ||| INVOKING Spit Poison.
  2021 | D:4      | 2021 ||| INVOKING Spit Poison.
  2025 | D:4      | Reached skill level 1 in Armour
  2025 | D:4      | 2025 ||| INVOKING Spit Poison.
  2031 | D:4      | 2031 ||| INVOKING Spit Poison.
  2034 | D:4      | 2034 ||| DRINKING 2 potions of curing.
  2034 | D:4      | 2034 ||| (to cure confusion)
  2035 | D:4      | 2035 ||| INVOKING Spit Poison.
  2036 | D:4      | Reached XP level 6. HP: 53/56 MP: 6/6
  2037 | D:4      | Reached skill level 6 in Ranged Weapons
  2042 | D:4      | 2042 ||| INVOKING Spit Poison.
  2048 | D:4      | 2048 ||| INVOKING Spit Poison.
  2081 | D:4      | 2081 ||| INVOKING Spit Poison.
  2098 | D:4      | 2098 ||| INVOKING Spit Poison.
  2101 | D:4      | 2101 ||| INVOKING Spit Poison.
  2139 | D:4      | 2139 ||| SWAPPING to +0 orcbow.
  2149 | D:4      | 2149 ||| DROPPING +1 shortbow.
  2186 | D:4      | 2186 ||| INVOKING Spit Poison.
  2282 | D:4      | 2282 ||| INVOKING Spit Poison.
  2286 | D:4      | Reached XP level 7. HP: 48/64 MP: 7/7
  2287 | D:4      | 2287 ||| INVOKING Spit Poison.
  2303 | D:4      | You are sucked into a shaft and drop 1 floor!
  2303 | D:5      | Entered Level 5 of the Dungeon
  2336 | D:5      | 2336 ||| READING scroll labelled KAD QY GAXOMPE.
  2339 | D:5      | Found a broken altar of Ashenzari.
  2365 | D:5      | 2365 ||| READING 3 scrolls of identify.
  2365 | D:5      | 2365 ||| IDENTIFYING lumpy yellow potion
  2366 | D:5      | 2366 ||| READING 2 scrolls of identify.
  2366 | D:5      | 2366 ||| IDENTIFYING puce potion
  2367 | D:5      | 2367 ||| DROPPING potion of degeneration.
  2484 | D:4      | 2484 ||| INVOKING Spit Poison.
  2541 | D:4      | 2541 ||| INVOKING Spit Poison.
  2637 | D:4      | 2637 ||| INVOKING Spit Poison.
  2773 | D:4      | Noticed Menkaure
  2776 | D:4      | Killed Menkaure
  2883 | D:5      | Found an iron altar of Okawaru.
  2884 | D:5      | 2884 ||| PLANNING OKAWARU WORSHIP
  2890 | D:5      | 2890 ||| INVOKING Spit Poison.
  2896 | D:5      | 2896 ||| INVOKING Spit Poison.
  2902 | D:5      | 2902 ||| INVOKING Spit Poison.
  2906 | D:5      | Became a worshipper of Warmaster Okawaru
  2907 | D:5      | 2907 ||| PLANNING D:1-11
  2907 | D:5      | Identified the +5 hand axe of the Dungeon {speed, rPois}
  2975 | D:5      | 2975 ||| INVOKING Spit Poison.
  2978 | D:5      | Reached skill level 7 in Ranged Weapons
  2978 | D:5      | Noticed Blork the orc
  2979 | D:5      | 2979 ||| INVOKING Spit Poison.
  2983 | D:5      | 2983 ||| INVOKING Spit Poison.
  2988 | D:5      | 2988 ||| INVOKING Spit Poison.
  2988 | D:5      | Killed Blork the orc
  3071 | D:5      | 3071 ||| INVOKING Spit Poison.
  3076 | D:5      | 3076 ||| INVOKING Spit Poison.
  3080 | D:5      | 3080 ||| INVOKING Spit Poison.
  3095 | D:5      | 3095 ||| INVOKING Spit Poison.
  3097 | D:5      | Reached XP level 8. HP: 72/72 MP: 8/8
  3138 | D:5      | 3138 ||| INVOKING Spit Poison.
  3174 | D:5      | 3174 ||| INVOKING Spit Poison.
  3177 | D:5      | 3177 ||| INVOKING Spit Poison.
  3193 | D:5      | 3193 ||| INVOKING Spit Poison.
  3199 | D:5      | 3199 ||| INVOKING Spit Poison.
  3204 | D:5      | Reached skill level 8 in Ranged Weapons
  3205 | D:5      | 3205 ||| INVOKING Spit Poison.
  3223 | D:5      | 3223 ||| INVOKING Spit Poison.
  3228 | D:5      | 3228 ||| INVOKING Spit Poison.
  3229 | D:5      | 3229 ||| DRINKING 2 potions of curing.
  3229 | D:5      | 3229 ||| (to cure confusion)
  3231 | D:5      | Reached * piety under Okawaru
  3232 | D:5      | 3232 ||| INVOKING Spit Poison.
  3235 | D:5      | 3235 ||| INVOKING Heroism.
  3299 | D:5      | 3299 ||| INVOKING Spit Poison.
  3301 | D:5      | Noticed Pikel
  3305 | D:5      | 3305 ||| INVOKING Spit Poison.
  3309 | D:5      | 3309 ||| INVOKING Spit Poison.
  3315 | D:5      | 3315 ||| INVOKING Spit Poison.
  3315 | D:5      | HP: 17/74 [Pikel/+1 whip of freezing (3)]
  3317 | D:5      | HP: 8/74 [scorpion (6)]
  3319 | D:5      | HP: 3/74 [Pikel/+1 whip of freezing (1)]
  3319 | D:5      | HP: 1/74 [lemure[Pikel] (2)]
  3320 | D:5      | 3320 ||| INVOKING Spit Poison.
  3320 | D:5      | Killed Pikel
  3321 | D:5      | Reached skill level 9 in Ranged Weapons
  3321 | D:5      | 3321 ||| INVOKING Heroism.
  3324 | D:5      | 3324 ||| INVOKING Spit Poison.
  3325 | D:5      | Reached skill level 1 in Invocations
  3494 | D:5      | Noticed Duvessa
  3494 | D:5      | Noticed Dowan
  3495 | D:5      | 3495 ||| INVOKING Heroism.
  3496 | D:5      | 3496 ||| INVOKING Spit Poison.
  3505 | D:5      | 3505 ||| INVOKING Spit Poison.
  3507 | D:5      | Killed Dowan
  3508 | D:5      | Killed Duvessa
  3509 | D:5      | Reached XP level 9. HP: 79/81 MP: 7/10
  3663 | D:5      | 3663 ||| INVOKING Spit Poison.
  3670 | D:5      | Noticed Eustachio
  3671 | D:5      | 3671 ||| INVOKING Heroism.
  3672 | D:5      | 3672 ||| INVOKING Spit Poison.
  3681 | D:5      | 3681 ||| INVOKING Spit Poison.
  3685 | D:5      | 3685 ||| INVOKING Spit Poison.
  3685 | D:5      | Killed Eustachio
  3686 | D:5      | Reached skill level 3 in Invocations
  3827 | D:5      | 3827 ||| READING scroll labelled YDAJYUREOCS.
  3828 | D:5      | 3828 ||| DRINKING 2 emerald potions.
  4327 | D:6      | 4327 ||| PLANNING OSSUARY
  4330 | D:6      | 4330 ||| INVOKING Spit Poison.
  4624 | D:6      | 4624 ||| INVOKING Spit Poison.
  4636 | D:6      | Found a staircase to the Ecumenical Temple.
  4719 | D:6      | 4719 ||| INVOKING Heroism.
  4720 | D:6      | 4720 ||| INVOKING Spit Poison.
  4724 | D:6      | 4724 ||| INVOKING Spit Poison.
  4726 | D:6      | Reached skill level 3 in Dodging
  4831 | D:6      | 4831 ||| INVOKING Spit Poison.
  4838 | D:6      | 4838 ||| INVOKING Spit Poison.
  4845 | D:6      | 4845 ||| INVOKING Spit Poison.
  4848 | D:6      | 4848 ||| RIP OSSUARY
  4849 | D:6      | 4849 ||| PLANNING D:1-11
  4851 | D:6      | 4851 ||| INVOKING Spit Poison.
  4858 | D:6      | 4858 ||| INVOKING Spit Poison.
  5052 | D:6      | 5052 ||| INVOKING Spit Poison.
  5056 | D:6      | 5056 ||| INVOKING Spit Poison.
  5061 | D:6      | 5061 ||| INVOKING Spit Poison.
  5087 | D:6      | 5087 ||| DROPPING amulet of guardian spirit.
  5088 | D:6      | 5088 ||| READING scroll labelled HUOSHRA DENIM.
  5089 | D:6      | 5089 ||| READING scroll labelled YNUNICIXKI.
  5090 | D:6      | 5090 ||| DRINKING 3 grey potions.
  5091 | D:6      | 5091 ||| READING 2 scrolls of identify.
  5091 | D:6      | 5091 ||| IDENTIFYING brown potion
  5210 | D:7      | 5210 ||| INVOKING Spit Poison.
  5214 | D:7      | 5214 ||| INVOKING Spit Poison.
  5217 | D:7      | Reached skill level 6 in Fighting
  5228 | D:7      | Found a basalt altar of Yredelemnul.
  5232 | D:7      | 5232 ||| INVOKING Spit Poison.
  5244 | D:7      | 5244 ||| INVOKING Heroism.
  5247 | D:7      | 5247 ||| INVOKING Spit Poison.
  5252 | D:7      | 5252 ||| INVOKING Spit Poison.
  5309 | D:7      | 5309 ||| READING scroll of enchant armour.
  5309 | D:7      | 5309 ||| ENCHANTING +0 barding.
  5330 | D:7      | 5330 ||| INVOKING Spit Poison.
  5338 | D:7      | 5338 ||| INVOKING Spit Poison.
  5341 | D:7      | 5341 ||| INVOKING Heroism.
  5346 | D:7      | 5346 ||| INVOKING Spit Poison.
  5367 | D:7      | 5367 ||| INVOKING Heroism.
  5371 | D:7      | Reached skill level 10 in Ranged Weapons
  5376 | D:7      | Reached ** piety under Okawaru
  5424 | D:7      | 5424 ||| INVOKING Spit Poison.
  5457 | D:7      | Identified the +5 trident of Beph {pain, *Corrode Dex+4}
  5519 | D:7      | Reached XP level 10. HP: 89/94 MP: 13/13
  5612 | D:7      | 5612 ||| INVOKING Spit Poison.
  5810 | D:7      | Found a hazy altar of Hepliaklqana.
  5811 | D:7      | 5811 ||| INVOKING Spit Poison.
  5918 | D:7      | 5918 ||| INVOKING Heroism.
  5948 | D:7      | 5948 ||| INVOKING Spit Poison.
  5951 | D:7      | 5951 ||| INVOKING Spit Poison.
  6201 | D:7      | Found a shimmering blue altar of Sif Muna.
  6202 | D:7      | 6202 ||| READING 5 scrolls of identify.
  6202 | D:7      | 6202 ||| IDENTIFYING lumpy silvery potion
  6203 | D:7      | 6203 ||| READING 4 scrolls of identify.
  6203 | D:7      | 6203 ||| IDENTIFYING metallic black potion
  6204 | D:7      | 6204 ||| DROPPING potion of brilliance.
  6228 | D:8      | Noticed a brown ugly thing
  6229 | D:8      | Noticed a cyclops
  6231 | D:8      | 6231 ||| INVOKING Spit Poison.
  6238 | D:8      | 6238 ||| INVOKING Spit Poison.
  6239 | D:8      | 6239 ||| INVOKING Heroism.
  6245 | D:8      | Killed a brown ugly thing
  6246 | D:8      | Reached skill level 11 in Ranged Weapons
  6246 | D:8      | 6246 ||| INVOKING Spit Poison.
  6252 | D:8      | 6252 ||| INVOKING Spit Poison.
  6255 | D:8      | Killed a cyclops
  6315 | D:8      | Noticed a gargoyle
  6317 | D:8      | 6317 ||| INVOKING Spit Poison.
  6322 | D:8      | 6322 ||| INVOKING Heroism.
  6323 | D:8      | 6323 ||| INVOKING Spit Poison.
  6330 | D:8      | Killed a gargoyle
  6364 | D:8      | Identified the staff "Wivvoj" {rElec Will++ Dex-4 Air}
  6379 | D:8      | Noticed a centaur warrior
  6380 | D:8      | 6380 ||| Stepping ~*~*~tactically~*~*~ (outnumbered).
  6382 | D:8      | 6382 ||| Stepping ~*~*~tactically~*~*~ (outnumbered).
  6384 | D:8      | 6384 ||| Stepping ~*~*~tactically~*~*~ (outnumbered).
  6385 | D:8      | 6385 ||| INVOKING Spit Poison.
  6388 | D:8      | 6388 ||| INVOKING Heroism.
  6389 | D:8      | 6389 ||| Stepping ~*~*~tactically~*~*~ (outnumbered).
  6390 | D:8      | 6390 ||| Stepping ~*~*~tactically~*~*~ (outnumbered).
  6391 | D:8      | 6391 ||| INVOKING Spit Poison.
  6400 | D:8      | 6400 ||| INVOKING Spit Poison.
  6401 | D:8      | 6401 ||| INVOKING Heroism.
  6403 | D:8      | Killed a centaur warrior
  6403 | D:8      | Reached *** piety under Okawaru
  6585 | D:8      | 6585 ||| INVOKING Spit Poison.
  6593 | D:8      | 6593 ||| INVOKING Spit Poison.
  6600 | D:8      | 6600 ||| INVOKING Spit Poison.
  6604 | D:8      | 6604 ||| INVOKING Spit Poison.
  6652 | D:8      | 6652 ||| INVOKING Spit Poison.
  6656 | D:8      | 6656 ||| INVOKING Heroism.
  6658 | D:8      | 6658 ||| INVOKING Spit Poison.
  6664 | D:8      | 6664 ||| INVOKING Spit Poison.
  6665 | D:8      | Reached skill level 12 in Ranged Weapons
  6665 | D:8      | Reached XP level 11. HP: 57/104 MP: 12/14
  6799 | D:8      | Found a snail-covered altar of Cheibriados.
  6806 | D:8      | Identified the +1 robe of the Sun {Rampage Str+3 Dex+3}
  6809 | D:8      | 6809 ||| INVOKING Heroism.
  6811 | D:8      | 6811 ||| INVOKING Spit Poison.
  6815 | D:8      | 6815 ||| INVOKING Spit Poison.
  6819 | D:8      | 6819 ||| INVOKING Spit Poison.
  6823 | D:8      | 6823 ||| INVOKING Spit Poison.
  6835 | D:8      | 6835 ||| INVOKING Heroism.
  6836 | D:8      | 6836 ||| INVOKING Spit Poison.
  6867 | D:8      | 6867 ||| INVOKING Spit Poison.
  6872 | D:8      | Reached skill level 3 in Armour
  6877 | D:8      | Found a staircase to the Lair.
  7001 | D:8      | 7001 ||| INVOKING Spit Poison.
  7014 | D:8      | 7014 ||| PLANNING LAIR
  7014 | D:8      | 7014 ||| UPGRADING to +1 robe of the Sun {Rampage Str+3
                  | Dex+3}.
  7024 | D:8      | 7024 ||| DROPPING +0 leather armour.
  7025 | D:8      | 7025 ||| DRINKING 3 fuming cyan potions.
  7026 | D:8      | 7026 ||| DROPPING 2 potions of attraction.
  7072 | Lair:1   | Entered Level 1 of the Lair of Beasts
  7087 | Lair:1   | 7087 ||| INVOKING Heroism.
  7124 | Lair:1   | 7124 ||| INVOKING Spit Poison.
  7198 | Lair:1   | 7198 ||| INVOKING Spit Poison.
  7232 | Lair:1   | 7232 ||| INVOKING Heroism.
  7238 | Lair:1   | 7238 ||| INVOKING Spit Poison.
  7254 | Lair:1   | 7254 ||| INVOKING Spit Poison.
  7330 | Lair:1   | 7330 ||| INVOKING Heroism.
  7331 | Lair:1   | 7331 ||| INVOKING Spit Poison.
  7347 | Lair:1   | 7347 ||| INVOKING Spit Poison.
  7354 | Lair:1   | 7354 ||| INVOKING Spit Poison.
  7354 | Lair:1   | HP: 21/104 [polar bear (10)]
  7354 | Lair:1   | HP: 5/104 [komodo dragon (15)]
  7355 | Lair:1   | 7355 ||| READING scroll of teleportation.
  7355 | Lair:1   | Mangled by a komodo dragon

Levels and vault maps discovered:
D:1:      minmay_arrival_arboretum_small, layout_rooms,
          chequers_serial_rivers_micro_a
D:2:      layout_basic, minmay_shallow_snake_nest
D:3:      wad_lake_hut, layout_basic, old_standard_altar,
          mainiacjoe_overflow_large_starburst, hellmonk_ghost_happy_afterlife,
          serial_co_window_serial, co_window_corner_a, co_window_corner_a,
          co_window_corner_a, co_window_corner_a, co_window_of_opportunity_a,
          co_window_corner_b, co_window_2corner, co_window_2corner,
          glass_columns_a, glass_columns_b, glass_columns_a
D:4:      layout_basic, chequers_arboretum, nrook_mini_backslash, uniq_menkaure
D:5:      layout_loops_corners, lemuel_crystal_altar, okawaru_ov_weapons_minmay,
          uniq_pikel, uniq_eustachio, uniq_blork_the_orc, uniq_duvessa
D:6:      layout_basic, minmay_temple_entry_statues,
          nicolae_ossuary_entry_monument, kennysheep_pointless_box
D:7:      nicolae_BIG_FREAKIN_CUBE, layout_loops_corners,
          mainiacjoe_overflow_brackets, nicolae_hepliaklqana_monster_ancestors,
          lemuel_blue_sif_altar, serial_undead, serial_undead_a,
          serial_undead_d, serial_undead_d, serial_undead_b,
          minmay_crystal_water
D:8:      cheibrodos_elevator_heist, layout_rooms,
          mainiacjoe_overflow_boulevard, lair_entry_dummy
Lair:1:   layout_regular_city

Skill      XL: |  1  2  3  4  5  6  7  8  9 10 11 |
---------------+----------------------------------+-----
Ranged Weapons | 4 5 6 7 9 10 12 | 12.4
Fighting       | 3 4 5 7 8 |  8.4
Armour         | 1 2 3 |  3.0
Dodging        | 2 3 4 5 |  5.0
Invocations    | 2 4 |  4.2
Stealth        | |  1.5

Action                     |  1- 3 |  4- 6 |  7- 9 | 10-12 || total
---------------------------+-------+-------+-------+-------++-------
   Fire: Shortbow          |    65 |    92 |       |       ||   157
         Orcbow            |       |    15 |   278 |   256 ||   549
 Invoke: Heroism           |       |       |     8 |    11 ||    19
Ability: Spit Poison       |    22 |    29 |    57 |    34 ||   142
    Use: Scroll            |     3 |     5 |     8 |     3 ||    19
         Potion            |       |     2 |     3 |     1 ||     6
 Armour: Leather armour    |    13 |    38 |    97 |    50 ||   198
         Robe              |       |       |       |    25 ||    25
  Dodge: Dodged            |    21 |    46 |   163 |   148 ||   378

Table legend:
 A = Non-vault XP
 B = Vault XP
 C = Vault XP percentage of total XP
 D = Non-vault monster count
 E = Vault monster count
 F = Vault count percentage of total count
                 A         B        C        D         E       F
            +---------+---------+-------+---------+---------+-------
      Total |    6983 |    5151 |  42.5 |     179 |      35 |  16.4
            +---------+---------+-------+---------+---------+-------
        D:1 |      37 |       0 |   0.0 |      22 |       0 |   0.0
        D:2 |      62 |      20 |  24.4 |      18 |       5 |  21.7
        D:3 |      93 |       0 |   0.0 |      18 |       0 |   0.0
        D:4 |     469 |     172 |  26.8 |      28 |       1 |   3.4
        D:5 |     684 |    1131 |  62.3 |      25 |       5 |  16.7
        D:6 |     653 |       0 |   0.0 |      16 |       0 |   0.0
        D:7 |     912 |    1236 |  57.5 |      15 |      18 |  54.5
        D:8 |    1887 |    2592 |  57.9 |      24 |       6 |  20.0
     Lair:1 |    2186 |       0 |   0.0 |      13 |       0 |   0.0
            +---------+---------+-------+---------+---------+-------
